 Dungeon Sprint DCSS version 0.24.0-125-gc4c63601f3 (webtiles) character file.

Game seed: 5218109968677223128, levelgen mode: deterministic

8600000 Ponchio the Axe Maniac (level 27, -83/296 (298) HPs)
             Began as a Deep Dwarf Berserker on Mar 4, 2020.
             Was the Champion of Makhleb.
             Annihilated by a sculptor of flesh
             ... wielding a +9 great sword
              (199 damage)
             ... in the Dungeon (Sprint VIII: "Arena of Blood").
             The game lasted 00:07:15 (86 turns).

Ponchio the Axe Maniac (Deep Dwarf Berserker)         Turns: 86, Time: 00:07:16

HP:   -83/296 (298) AC:  4    Str: 24    XL:     27
MP:   27/54         EV: 35    Int:  9    God:    Makhleb [******]
Gold: 0             SH:  0    Dex: 21    Spells: 80/80 levels left

rFire    . . .     SeeInvis .   j - +∞ Axe of Woe
rCold    . . .     Gourm    .   (shield currently unavailable)
rNeg     + . .     Faith    .   b - +0 animal skin
rPois    .         Spirit   .   (no helmet)
rElec    .         Reflect  .   (no cloak)
rCorr    .         Harm     .   (no gloves)
MR       ++++.     NoTele   +   (no boots)
Stlth    +++++++++.             (no amulet)
HPRegen  0.00/turn              (no ring)
MPRegen  0.34/turn              (no ring)

@: non-regenerating
A: damage resistance, heal wounds, negative energy resistance 1, sense
surroundings 3, no regeneration
a: Heal Wounds, Minor Destruction, Lesser Servant of Makhleb, Major Destruction,
Greater Servant of Makhleb, Renounce Religion


You were in the Dungeon.
You worshipped Makhleb.
Makhleb was exalted by your worship.
You were not hungry.

You visited 1 branch

Inventory:

Hand Weapons
 a - a +0 hand axe
 j - the +∞ Axe of Woe (weapon)
   (You found it in the Dungeon)
Armour
 b - a +0 animal skin (worn)
Scrolls
 i - a scroll of blinking
Potions
 d - a potion of curing
 e - a potion of heal wounds
 g - 2 potions of magic
 h - a potion of berserk rage
Comestibles
 c - a ration


   Skills:
 O Level 27 Fighting
 O Level 27 Axes
 O Level 27 Throwing
 O Level 27 Armour
 O Level 27 Dodging
 O Level 27 Stealth
 O Level 27 Unarmed Combat
 O Level 27 Spellcasting
 O Level 27 Invocations


You had 80 spell levels left.
You didn't know any spells.
Your spell library was empty.

Dungeon Overview and Level Annotations

Branches:
Dungeon (1/1)

Altars:
Makhleb

Annotations:
D The Captor, The Servant


Innate Abilities, Weirdness & Mutations

You are resistant to damage.
You can heal yourself by infusing magical energy.
You resist negative energy. (rN+)
You passively map a large area around you.
You do not regenerate.


Message History

The accursed points at you and mumbles some strange words.
Something smites you!
A bag of meat comes into view. It is wielding a +9 war axe.
You hear a shout!
The Captor points at you and mumbles some strange words.
The stream of webbing hits you but does no damage.
You are caught in a web!
The destroyer blinks!
You hear a shout!
You hear a roar!
You hear a shout!
You hear a bark!
You hear a shout!
The destroyer blinks!
A bag of meat comes into view. It is wielding a +9 war axe.
You hear a shout!
The Captor points at you and mumbles some strange words.
You barely resist. The Servant barely misses you.
A corpse begins to drag itself along the ground!
Some corpses meld into agglomerations of writhing flesh!
The meat beast completely misses you. x2
The sculptor of flesh hits you with a +9 great sword!!!!!
Ouch! That really hurt!
You die...

, , , , , , ,,,
, , .. ,.....,
,, , ,, , #..
...#, , ,,, ,
*,, #.. ...# . ,
, * , * , .###..
...###o. , , ,,
,..V..D###.V..o.
,, ,,** , ,,,
.o...X_.LoL., ,
, , , ,#.x))o# ,
, ,,, #_)@2X# ,
, * ,, ,


#VzoXo# , , ,......@_x.zoM... ,, , , , , ,§....§###X@o.VX. , , , .###.o .XM###o.
, , , , , #.. ...# . , ,,, ,, , #. ...# ,, * , ,%. ,..... ,, , ,*, , , .. ,,
...., , , You could see 2 accurseds, a meat beast, 2 tyrants, The Servant, an
eight-headed meat hydra (wandering), 4 destroyers, 2 sculptors of flesh, 6 large
abominations, The Captor, a small abomination, 11 bags of meat and a crawling
corpse.

Vanquished Creatures
  2 hell beasts (D)
  A greater mummy (D)
  A wraith (D)
  11 vampire knights (D)
  24 ogres (D)
  2 two-headed ogres (D)
  3 liches (D)
  32 orcs (D)
  2 skeletal warriors (D)
  3 large abominations (D)
  4 small abominations (D)
  3 crawling corpses (D)
88 creatures vanquished.

Notes
Turn   | Place    | Note
-------+----------+-------------------------------------------
     0 | D        | Found the +∞ Axe of Woe
     0 | D        | Ponchio the Deep Dwarf Berserker began the quest for the
                  | Orb.
     0 | D        | Reached XP level 1. HP: 20/20 MP: 1/1
     2 | D        | Noticed a bag of meat
     3 | D        | Noticed a bag of meat
     4 | D        | Noticed a bag of meat
     4 | D        | Noticed a bag of meat
     4 | D        | Noticed a bag of meat
     5 | D        | Noticed a bag of meat
     5 | D        | Noticed a bag of meat
     7 | D        | Noticed a bag of meat
     7 | D        | Noticed a meat berserker
     9 | D        | Killed a bag of meat
     9 | D        | Reached skill level 15 in Fighting
     9 | D        | Reached XP level 2. HP: 52/52 MP: 2/2
     9 | D        | Reached XP level 3. HP: 60/60 MP: 3/3
     9 | D        | Reached XP level 4. HP: 68/68 MP: 4/4
     9 | D        | Reached XP level 5. HP: 75/75 MP: 5/5
     9 | D        | Reached XP level 6. HP: 84/84 MP: 6/6
     9 | D        | Reached XP level 7. HP: 91/91 MP: 7/7
     9 | D        | Reached XP level 8. HP: 99/99 MP: 8/8
     9 | D        | Gained mutation: You passively map the area around you.
                  | [Deep Dwarf growth]
     9 | D        | Reached XP level 9. HP: 106/106 MP: 9/9
     9 | D        | Reached XP level 10. HP: 116/116 MP: 10/10
     9 | D        | Reached XP level 11. HP: 123/123 MP: 11/11
     9 | D        | Killed a bag of meat
     9 | D        | Reached ** piety under Trog
     9 | D        | Reached XP level 12. HP: 138/138 MP: 12/12
    10 | D        | Killed a bag of meat
    10 | D        | Reached XP level 13. HP: 150/150 MP: 13/13
    10 | D        | Killed a bag of meat
    10 | D        | Gained mutation: You resist negative energy. (rN+) [Deep
                  | Dwarf growth]
    10 | D        | Reached XP level 14. HP: 162/162 MP: 14/14
    10 | D        | Noticed a bag of meat
    11 | D        | Killed a bag of meat
    11 | D        | Reached *** piety under Trog
    11 | D        | Noticed a bag of meat
    12 | D        | Killed a bag of meat
    12 | D        | Reached XP level 15. HP: 175/175 MP: 15/15
    12 | D        | Noticed a meat berserker
    13 | D        | Killed a meat berserker
    13 | D        | Reached skill level 27 in Axes
    13 | D        | Reached skill level 27 in Dodging
    14 | D        | Reached XP level 16. HP: 199/199 MP: 16/16
    16 | D        | Noticed a meat berserker
    17 | D        | Fell from the grace of Trog
    17 | D        | Became a worshipper of Makhleb the Destroyer
    18 | D        | Killed a meat berserker
    18 | D        | Reached skill level 27 in Fighting
    19 | D        | Reached * piety under Makhleb
    19 | D        | Reached skill level 27 in Invocations
    19 | D        | Reached skill level 1 in Stealth
    19 | D        | Reached XP level 17. HP: 208/208 MP: 16/34
    22 | D        | Noticed a meat berserker
    23 | D        | Noticed a large bag of meat
    24 | D        | Killed a meat berserker
    24 | D        | Reached skill level 10 in Armour
    24 | D        | Reached skill level 10 in Throwing
    24 | D        | Reached skill level 10 in Unarmed Combat
    24 | D        | Noticed a large bag of meat
    26 | D        | Reached ** piety under Makhleb
    26 | D        | Gained mutation: You passively map a large area around you.
                  | [Deep Dwarf growth]
    26 | D        | Reached XP level 18. HP: 218/218 MP: 17/35
    27 | D        | Reached skill level 15 in Armour
    29 | D        | Killed a meat berserker
    29 | D        | Reached skill level 15 in Throwing
    29 | D        | Reached skill level 15 in Unarmed Combat
    29 | D        | Reached *** piety under Makhleb
    29 | D        | Reached skill level 15 in Spellcasting
    29 | D        | Reached XP level 19. HP: 226/226 MP: 17/38
    32 | D        | Killed a large bag of meat
    32 | D        | Reached **** piety under Makhleb
    34 | D        | Noticed a destroyer
    35 | D        | Noticed a meat berserker
    36 | D        | Killed a large bag of meat
    36 | D        | Reached skill level 27 in Stealth
    36 | D        | Reached XP level 20. HP: 156/236 MP: 18/43
    37 | D        | Noticed a meat berserker
    39 | D        | Noticed a destroyer
    43 | D        | Killed a meat berserker
    43 | D        | Reached ***** piety under Makhleb
    43 | D        | Killed a meat berserker
    43 | D        | Reached skill level 27 in Armour
    43 | D        | Reached XP level 21. HP: 244/244 MP: 19/48
    48 | D        | Noticed a destroyer
    49 | D        | Noticed a tyrant
    51 | D        | Killed a destroyer
    51 | D        | Reached skill level 27 in Throwing
    51 | D        | Reached skill level 27 in Unarmed Combat
    52 | D        | Killed a destroyer
    52 | D        | Reached skill level 27 in Spellcasting
    52 | D        | Reached XP level 22. HP: 254/254 MP: 21/53
    52 | D        | Reached ****** piety under Makhleb
    53 | D        | Noticed an accursed
    53 | D        | Noticed The Servant
    56 | D        | Noticed a tyrant
    56 | D        | Noticed a tyrant
    56 | D        | Noticed a tyrant
    57 | D        | Noticed a destroyer
    60 | D        | Killed a destroyer
    60 | D        | Reached XP level 23. HP: 227/262 MP: 22/54
    62 | D        | Noticed a meat beast
    63 | D        | Killed a tyrant
    63 | D        | Reached XP level 24. HP: 272/272 MP: 23/54
    64 | D        | Noticed a dread
    64 | D        | Killed a destroyer
    64 | D        | Noticed an accursed
    65 | D        | Reached XP level 25. HP: 280/280 MP: 23/54
    68 | D        | Killed a meat beast
    68 | D        | Reached XP level 26. HP: 290/290 MP: 24/54
    68 | D        | Noticed a destroyer
    69 | D        | Noticed a destroyer
    70 | D        | Killed a tyrant
    70 | D        | Reached XP level 27. HP: 298/298 MP: 24/54
    70 | D        | Killed an accursed
    71 | D        | Killed a dread
    71 | D        | Noticed a destroyer
    71 | D        | Noticed a destroyer
    72 | D        | Noticed a destroyer
    73 | D        | Killed a tyrant
    73 | D        | Noticed The Captor
    76 | D        | Noticed an accursed
    78 | D        | Killed a destroyer
    78 | D        | Killed a destroyer
    79 | D        | Noticed a meat beast
    79 | D        | Noticed a destroyer
    80 | D        | Killed a destroyer
    80 | D        | Noticed a destroyer
    81 | D        | Killed a destroyer
    81 | D        | Killed a destroyer
    82 | D        | Noticed a destroyer
    82 | D        | Noticed a destroyer
    83 | D        | Killed a destroyer
    83 | D        | Noticed a destroyer
    83 | D        | Noticed a tyrant
    84 | D        | Killed a destroyer
    84 | D        | Killed a meat beast
    84 | D        | Noticed a meat beast
    84 | D        | Noticed a destroyer
    85 | D        | Noticed a destroyer
    86 | D        | Annihilated by a sculptor of flesh

Levels and vault maps discovered:
D:        meatsprint

Skill      XL: |  1  2  3  4  5  6  7  8  9 10 11 12 13 14 15 16 17 18 19 20 21 |
---------------+----------------------------------------------------------------+-----
Fighting       | 15 17 19 20 22 26 27 | 27.0
Axes           | 17 20 22 23 25 27 | 27.0
Dodging        | 17 20 21 23 25 27 | 27.0
Invocations    | 27 | 27.0
Stealth        | 1 16 21 27 | 27.0
Throwing       | 12 16 20 24 27 | 27.0
Armour         | 14 19 23 27 | 27.0
Unarmed Combat | 12 16 20 24 27 | 27.0
Spellcasting   | 11 15 19 23 27 | 27.0

Action                   |  1- 3 |  4- 6 |  7- 9 | 10-12 | 13-15 | 16-18 | 19-21 | 22-24 | 25-27 || total
-------------------------+-------+-------+-------+-------+-------+-------+-------+-------+-------++-------
Melee: Executioner's axe |     1 |       |       |     1 |     4 |     6 |    10 |     8 |    18 ||    48
  Use: Potion            |     1 |       |       |       |       |       |       |       |       ||     1
Dodge: Dodged            |       |       |       |       |       |       |       |       |     5 ||     5
